 Dungeon Crawl Stone Soup version 0.30-a0-953-g5f1da4a474 (webtiles) character file.

Game seed: 6355463096337523875

119 jasper the Chopper (level 5, 0/45 HPs)
             Began as a Ghoul Gladiator on Mar 28, 2023.
             Killed by divine providence
             ... invoked by an orc priest
              (8 damage)
             ... on level 3 of the Dungeon.
             The game lasted 00:03:20 (1541 turns).

jasper the Chopper (Ghoul Gladiator)                Turns: 1541, Time: 00:03:21

Health: 0/45       AC: 12    Str: 20    XL:     5   Next: 3%
Magic:  4/4        EV:  8    Int:  3    God:
Gold:   141        SH:  0    Dex: 10    Spells: 4/4 levels left

rFire   . . .      SeeInvis .    a - +0 war axe
rCold   + . .      Faith    .    (no shield)
rNeg    + + +      Spirit   .    d - +0 chain mail
rPois   ∞          Reflect  .    c - +1 helmet
rElec   .          Rampage  .    i - +0 cloak
rCorr   .                        (no gloves)
Will    .....                    g - +0 pair of boots Stlth
                                 (no amulet)
HPRegen 0.00/turn                (no ring)
MPRegen 0.09/turn                (no ring)

@: inhibited regen
A: claws 1, cold resistance 1, negative energy resistance 3, inhibited
regeneration, torment resistance 2, devour on kill
a: no special abilities


You were on level 3 of the Dungeon.
You visited 1 branch of the dungeon, and saw 3 of its levels.

You collected 141 gold pieces.

Inventory:

Hand Weapons
 a - a +0 war axe (weapon)
 n - a +3 antimagic morningstar
Missiles
 e - a javelin
 m - 2 throwing nets
 o - 3 boomerangs (quivered)
 r - 6 datura-tipped darts
Armour
 b - a +0 leather armour
 c - a +1 helmet (worn)
 d - a +0 chain mail (worn)
 g - a +0 pair of boots (worn)
 i - a +0 cloak (worn)
Scrolls
 h - a scroll of enchant armour
Potions
 f - 2 potions of degeneration
 j - a potion of invisibility {unknown}
 k - a potion of attraction {unknown}
 l - a potion of haste {unknown}
 p - a potion of curing {unknown}
 q - 2 potions of heal wounds {unknown}
 s - a potion of lignification {unknown}


   Skills:
 + Level 3.1 Fighting
 * Level 3.8 Axes
 - Level 1.7 Throwing
 + Level 1.5 Armour
 + Level 3.2 Dodging


You had 4 spell levels left.
You didn't know any spells.
Your spell library contained the following spells:

 Spells                   Type           Power      Damage    Failure   Level
 Summon Small Mammal      Summ           0%         N/A       100%        1
 Call Canine Familiar     Summ           0%         N/A       100%        3
 Frozen Ramparts          Ice            0%         1d1       100%        3
 Summon Guardian Golem    Hex/Summ       0%         N/A       100%        3
 Summon Ice Beast         Ice/Summ       0%         N/A       100%        4
 Ice Form                 Ice/Tmut       Unusable   N/A       N/A         4

Dungeon Overview and Level Annotations

Branches:
Dungeon (3/15)

Altars:
Nemelex Xobeh


Innate Abilities, Weirdness & Mutations

You are immune to poison.
You have sharp fingernails.
Your flesh is cold resistant. (rC+)
You are immune to negative energy. (rN+++)
You do not regenerate when monsters are visible.
You are immune to unholy pain and torment.
You thrive by killing the living.


Message History

You closely miss the orc priest. You slash the orc!
You kill the orc!
You hit the orc priest.
The orc priest is moderately wounded.
The orc priest hits you with a +0 flail!
The orc priest calls upon Beogh to heal the orc priest.
The orc priest's wounds heal themselves!
The orc priest barely misses you.
You take 9 damage, and have 20/38 hp.
MASSIVE DAMAGE!!
You slash the orc priest!
The orc priest is severely wounded.
The orc priest hits you with a +0 flail.
You take 2 damage, and have 18/38 hp.
You hit the orc priest.
The orc priest is almost dead.
The orc priest hits you but does no damage.
You completely miss the orc priest.
The orc priest is almost dead.
The orc priest closely misses you. The orc priest barely misses you.
You hit the orc priest.
You kill the orc priest!
You have reached level 5!
You feel stronger.
You regained 3 hp, and now have 21/45 hp.
MP restored: 4 You hit the orc priest.
The orc priest is moderately wounded.
The orc priest calls down the wrath of Beogh upon you.
Beogh smites you!
* * * LOW HITPOINT WARNING * * *
You take 13 damage, and have 8/45 hp.
MASSIVE DAMAGE!!
You slash the orc priest!
The orc priest is almost dead.
The orc priest hits you but does no damage. x2
You closely miss the orc priest.
The orc priest is almost dead.
The orc priest calls down the wrath of Beogh upon you.
Beogh smites you!
You die...

..# #..# ..#
#..# #.#
#..# #.#
#..#
#.###.###..#
#.........#
#.###.######
#.# #@# #o#
#o# #.# #..
##. #


You could see an orc priest and an orc.

Vanquished Creatures
  An orc priest (D:3)
  Terence (D:2)
  2 adders (D:2)
  A worm (D:3)
  A dart slug (D:2)
  5 orcs
  3 ball pythons
  A bat (D:1)
  An endoplasm (D:1)
  2 giant cockroaches (D:2)
  5 goblins
  2 hobgoblins
  A quokka (D:1)
  3 frilled lizards (D:1)
  6 kobolds
  5 rats
40 creatures vanquished.

Notes
Turn   | Place    | Note
-------+----------+-------------------------------------------
     0 | D:1      | jasper the Ghoul Gladiator began the quest for the Orb.
     0 | D:1      | Reached XP level 1. HP: 17/17 MP: 0/0
   226 | D:1      | Reached XP level 2. HP: 25/25 MP: 1/1
  1029 | D:2      | Found a sparkling altar of Nemelex Xobeh.
  1047 | D:2      | Noticed Terence
  1061 | D:2      | Killed Terence
  1062 | D:2      | Reached skill level 1 in Armour
  1062 | D:2      | Reached XP level 3. HP: 24/30 MP: 2/2
  1164 | D:2      | Reached XP level 4. HP: 37/37 MP: 3/3
  1539 | D:3      | Reached XP level 5. HP: 21/45 MP: 4/4
  1541 | D:3      | Killed from afar by an orc priest

Illustrated notes

Levels and vault maps discovered:
D:1:      denvon_arrival_waterhouse, layout_loops_ring
D:2:      layout_basic, basic_altar, uniq_terence
D:3:      cheibrodos_old_hovel, layout_loops_ring, kennysheep_vampire_church,
          nrook_campfire, kennysheep_another_room, uniq_crazy_yiuf_cottage

Skill      XL: |  1  2  3  4 |
---------------+-------------+-----
Axes           | 3 |  3.8
Armour         | 1 |  1.5
Dodging        | 3 |  3.2
Fighting       | 3 |  3.1
Throwing       | |  1.7

Action                     |  1- 3 |  4- 6 || total
---------------------------+-------+-------++-------
  Melee: War axe           |    90 |    39 ||   129
         Punch             |     1 |       ||     1
  Throw: Throwing net      |     3 |       ||     3
         Boomerang         |     2 |     3 ||     5
    Use: Scroll            |     3 |     3 ||     6
   Stab: Held in net/web   |     1 |       ||     1
 Armour: Leather armour    |    39 |       ||    39
         Chain mail        |     1 |    25 ||    26
  Dodge: Dodged            |    65 |    15 ||    80

Table legend: (Time is in decaauts)
 A = Elapsed time spent in this place.
 B = Non-inter-level travel time spent in this place.
 C = Inter-level travel time spent in this place.
 D = Time resting spent in this place.
 E = Time spent auto-exploring this place.
 F = Levels seen in this place.
 G = Mean time per level.
                   A        B        C        D        E       F      G
               +--------+--------+--------+--------+--------+-----+--------+
         Total |   1589 |   1550 |     39 |     31 |   1113 |   3 |  529.7 |
       Dungeon |   1589 |   1550 |     39 |     31 |   1113 |   3 |  529.7 |
               +--------+--------+--------+--------+--------+-----+--------+

Top non-repeatable levels by time:
     D:1: 842 daAuts
     D:2: 553 daAuts
     D:3: 193 daAuts
